Americans vs Devils

Created - Friday, January 22, 2016 at 12:12

Goals
1 2 3 OT1 SO T
Americans 0 0 0 0 0 0
Devils 0 0 0 0 1 1
Shots
1 2 3 OT1 SO T
Americans 3 7 7 3 3 20
Devils 5 6 10 0 2 21

1st period

No Goal

Penalties :
Patrick Bordeleau (RCH) for Hooking (Minor) at 6:00, John Ramage (ALB) for Hooking (Minor) at 12:17

2nd period

No Goal

Penalties :
Curtis Hamilton (ALB) for Fighting (Major) at 1:11, Chris Breen (RCH) for Fighting (Major) at 1:11, Sena Acolatse (ALB) for Hooking (Minor) at 1:14, John Ramage (ALB) for Tripping (Minor) at 4:02, Patrick Bordeleau (RCH) for Hooking (Minor) at 11:12

3rd period

No Goal

Penalties :
Peter Andersson (RCH) for Interference (Minor) at 0:14, Patrick Bordeleau (RCH) for Holding Stick (Minor) at 15:25

Overtime #1

No Goal

Penalties :
No Penalty

Shootout

Penalty Shot by Nick Cousins for Americans - Stopped by Anthony Stolarz
Penalty Shot by Tom Kuhnhackl for Devils - Stopped by Jason LaBarbera
Penalty Shot by Dany Heatley for Americans - Stopped by Anthony Stolarz
Penalty Shot by Justin Dowling for Devils - Goal!
Penalty Shot by Spencer Abbott for Americans - Stopped by Anthony Stolarz

Penalties :
No Penalty

Goalie Stats

Jason LaBarbera (RCH), 21 saves from 21 shots - (1.000), OTL, 18-2-5, 65:00 minutes
Anthony Stolarz (ALB), 20 saves from 20 shots - (1.000), W, 14-12-9, 65:00 minutes

Players Stats for Americans

Player Name              G  A  P  +/- PIM S  H  SB GA TA FO     MP     PP MP  PK MP  
------------------------------------------------------------------------------------
Chris Breen              0  0  0   0  5   1  4  1  1  0  0/0    21:33   0:00   3:26 
Daniel Maggio            0  0  0   0  0   0  0  1  0  0  0/0     3:27   0:00   0:00 
Dany Heatley             0  0  0   0  0   5  2  0  3  1  0/1    24:35   2:44   3:25 
Dillon Fournier          0  0  0   0  0   0  0  0  0  0  0/0     2:20   0:00   0:00 
Dylan DeMelo             0  0  0   0  0   0  3  2  0  1  0/0    27:41   2:33   3:59 
Garrett Noonan           0  0  0   0  0   1  2  2  0  0  0/0    19:25   2:04   1:39 
Grant Clitsome           0  0  0   0  0   0  1  1  0  0  0/0    28:45   3:53   4:08 
Jerome Samson            0  0  0   0  0   2  1  0  0  1  0/1    17:32   0:00   1:08 
Joel Vermin              0  0  0   0  0   1  0  0  0  0  0/0     2:39   0:00   0:00 
Justin Hodgman           0  0  0   0  0   0  0  0  0  0  0/1     5:05   0:00   1:04 
Kevin Sundher            0  0  0   0  0   1  0  0  1  0  2/2    13:58   0:00   0:00 
Marc-Andre Cliche        0  0  0   0  0   1  1  3  1  3  8/18   22:26   2:44   4:30 
Nick Cousins             0  0  0   0  0   5  1  1  3  0  1/9    21:53   2:55   0:40 
Nick Drazenovic          0  0  0   0  0   2  2  0  2  0  1/4    17:23   0:18   2:05 
Nick Sorkin              0  0  0   0  0   0  3  1  1  0  0/1    20:45   3:13   2:48 
Patrick Bordeleau        0  0  0   0  6   1  3  0  0  2  0/0    17:53   3:13   0:00 
Peter Andersson          0  0  0   0  2   0  1  3  0  4  0/0    28:06   3:24   2:52 
Spencer Abbott           0  0  0   0  0   0  3  1  4  0  0/1    16:28   2:44   0:00 

Players Stats for Devils

Player Name              G  A  P  +/- PIM S  H  SB GA TA FO     MP     PP MP  PK MP  
------------------------------------------------------------------------------------
Austin Fyten             0  0  0   0  0   0  0  0  0  0  0/0     0:00   0:00   0:00 
Chris Mueller            0  0  0   0  0   0  2  0  3  0  8/11   22:18   4:18   3:45 
Colin Miller             0  0  0   0  0   3  3  1  0  2  0/0    23:15   5:03   0:36 
Curtis Hamilton          0  0  0   0  5   2  2  0  0  0  0/0    13:50   0:00   0:10 
Darren Archibald         0  0  0   0  0   1  2  0  0  0  0/0    11:59   0:00   0:51 
Gabriel Beaupre          0  0  0   0  0   0  4  1  0  2  0/0    26:41   2:53   3:47 
John Ramage              0  0  0   0  4   0  0  0  0  0  0/0    17:31   0:00   0:25 
Jordan Martinook         0  0  0   0  0   3  1  0  6  1  0/1    19:46   4:18   3:45 
Justin Dowling           0  0  0   0  0   3  3  0  1  1  8/10   18:06   0:00   2:12 
Matthew Ford             0  0  0   0  0   1  4  0  2  0  0/0    13:12   0:00   0:00 
Scooter Vaughan          0  0  0   0  0   0  1  0  0  2  0/0    26:07   2:53   2:38 
Scott Czarnowczan        0  0  0   0  0   1  0  0  0  0  0/0    25:52   5:03   4:28 
Sean Collins             0  0  0   0  0   3  1  1  1  0  7/11   12:28   3:38   0:00 
Sena Acolatse            0  0  0   0  2   1  1  1  0  0  0/0    16:03   0:00   0:00 
Shawn Szydlowski         0  0  0   0  0   1  2  0  0  0  0/1    12:45   0:00   0:00 
Tom Kuhnhackl            0  0  0   0  0   0  3  0  1  0  0/0    18:21   3:38   0:00 
Yanni Gourde             0  0  0   0  0   2  0  0  3  1  0/0    16:30   3:38   0:00 
Zach O'Brien             0  0  0   0  0   0  2  1  3  0  3/4    19:10   4:18   1:11 

3 Stars

1 - Jason LaBarbera (RCH)
2 - Anthony Stolarz (ALB)
3 - Gabriel Beaupre (ALB)

Power Play

Americans - 0 on 3 Attempt(s) - 0.00%
Devils - 0 on 4 Attempt(s) - 0.00%

Penalty Kill

Americans - 4 on 4 Attempt(s) - 100.00% - Score 0 goal in Penalty Kill
Devils - 3 on 3 Attempt(s) - 100.00% - Score 0 goal in Penalty Kill

Team Stat

Americans - Hits : 27 - Faceoff Wins : 12 - Blocked Shots : 16 - Penalty Minutes : 13
Devils - Hits : 31 - Faceoff Wins : 26 - Blocked Shots : 5 - Penalty Minutes : 11

Official

Referees : Unknown
Linesman : Unknown

Game Notes

Daniel Maggio is injured at 10:51 of 1st period (Right Leg)
Curtis Hamilton beats up Chris Breen at 1:11 of 2nd period

Finance

Level 1 -- Attendance: 1609 (80.45%) -- Ticket Income $56,315
Level 2 -- Attendance: 745 (74.50%) -- Ticket Income $11,175
Total Attendance: 2354 (78.47%)
Total Ticket Income: $67,490
Other Income: $33,070
Total Income: $100,560

Americans

5 vs 5 Forward 
   Center                   Left Wing                Right Wing               Time % Phy DF OF 
 1 Nick Cousins             Patrick Bordeleau        Dany Heatley             34     1   1  3  
 2 Marc-Andre Cliche        Nick Drazenovic          Spencer Abbott           31     1   1  3  
 3 Marc-Andre Cliche        Nick Sorkin              Dany Heatley             25     1   2  2  
 4 Kevin Sundher            Nick Cousins             Jerome Samson            10     1   3  1  

5 vs 5 Defense 
   Defense                  Defense                                           Time % Phy DF OF 
 1 Grant Clitsome           Chris Breen                                       35     2   2  1  
 2 Peter Andersson          Dylan DeMelo                                      32     1   3  1  
 3 Peter Andersson          Daniel Maggio                                     25     2   3  0  
 4 Grant Clitsome           Dylan DeMelo                                      8      1   1  3  

PowerPlay Forward 
   Center                   Left Wing                Right Wing               Time % Phy DF OF 
 1 Nick Cousins             Patrick Bordeleau        Nick Sorkin              55     0   0  5  
 2 Marc-Andre Cliche        Dany Heatley             Spencer Abbott           45     0   1  4  

PowerPlay Defense
   Defense                  Defense                                           Time % Phy DF OF 
 1 Grant Clitsome           Dylan DeMelo                                      55     1   1  3  
 2 Daniel Maggio            Peter Andersson                                   45     1   2  2  

Penalty Kill 4 Players Forward 
   Center                   Wing                     Time % Phy DF OF 
 1 Marc-Andre Cliche        Dany Heatley             60     0   4  1  
 2 Nick Cousins             Nick Sorkin              40     2   3  0  

Penalty Kill 4 Players Defense
   Defense                  Defense                  Time % Phy DF OF 
 1 Grant Clitsome           Peter Andersson          55     2   3  0  
 2 Chris Breen              Dylan DeMelo             45     1   4  0  

Penalty Kill - 3 Players Forward 
   Forward                                           Time % Phy DF OF 
 1 Marc-Andre Cliche                                 60     1   3  1  
 2 Dany Heatley                                      40     2   3  0  

Penalty Kill - 3 Players Defense
   Defense                  Defense                  Time % Phy DF OF 
 1 Grant Clitsome           Peter Andersson          55     3   2  0  
 2 Chris Breen              Dylan DeMelo             45     2   3  0  

4 vs 4 Forward 
   Center                   Wing                     Time % Phy DF OF 
 1 Marc-Andre Cliche        Dany Heatley             55     0   0  5  
 2 Nick Cousins             Patrick Bordeleau        45     0   1  4  

4 vs 4 Defense
   Defense                  Defense                  Time % Phy DF OF 
 1 Grant Clitsome           Dylan DeMelo             55     1   1  3  
 2 Daniel Maggio            Peter Andersson          45     1   2  2  

Last Minutes Offensive
   Center                   Left Wing                Right Wing               Defense                  Defense                  
   Nick Cousins             Dany Heatley             Marc-Andre Cliche        Grant Clitsome           Dylan DeMelo             

Last Minutes Defensive
   Center                   Left Wing                Right Wing               Defense                  Defense                  
   Marc-Andre Cliche        Dany Heatley             Nick Cousins             Grant Clitsome           Chris Breen              

Goaltenders
Starting : Jason LaBarbera          
Backup : Petr Mrazek              

Extra Forwards
Normal : Dany Heatley, Nick Sorkin, Jerome Samson - PP : Marc-Andre Cliche, Dany Heatley - PK : Marc-Andre Cliche
Extra Defensemen
Normal : Daniel Maggio, Peter Andersson, Dylan DeMelo - PP : Grant Clitsome - PK : Peter Andersson, Daniel Maggio
Penalty Shots
Nick Cousins, Dany Heatley, Spencer Abbott, Marc-Andre Cliche, Nick Sorkin

Devils

5 vs 5 Forward 
   Center                   Left Wing                Right Wing               Time % Phy DF OF 
 1 Chris Mueller            Jordan Martinook         Tom Kuhnhackl            35     1   2  2  
 2 Zach O'Brien             Yanni Gourde             Shawn Szydlowski         30     1   2  2  
 3 Justin Dowling           Curtis Hamilton          Matthew Ford             22     1   2  2  
 4 Sean Collins             Darren Archibald         Scooter Vaughan          13     1   2  2  

5 vs 5 Defense 
   Defense                  Defense                                           Time % Phy DF OF 
 1 Scooter Vaughan          Colin Miller                                      35     1   2  2  
 2 Gabriel Beaupre          John Ramage                                       30     1   2  2  
 3 Sena Acolatse            Scott Czarnowczan                                 22     1   2  2  
 4 Colin Miller             Gabriel Beaupre                                   13     1   2  2  

PowerPlay Forward 
   Center                   Left Wing                Right Wing               Time % Phy DF OF 
 1 Chris Mueller            Jordan Martinook         Zach O'Brien             60     1   2  2  
 2 Sean Collins             Yanni Gourde             Tom Kuhnhackl            40     1   2  2  

PowerPlay Defense
   Defense                  Defense                                           Time % Phy DF OF 
 1 Scott Czarnowczan        Colin Miller                                      60     1   2  2  
 2 Scooter Vaughan          Gabriel Beaupre                                   40     1   2  2  

Penalty Kill 4 Players Forward 
   Center                   Wing                     Time % Phy DF OF 
 1 Chris Mueller            Jordan Martinook         60     1   2  2  
 2 Justin Dowling           Zach O'Brien             40     1   2  2  

Penalty Kill 4 Players Defense
   Defense                  Defense                  Time % Phy DF OF 
 1 Gabriel Beaupre          John Ramage              60     1   2  2  
 2 Scott Czarnowczan        Scooter Vaughan          40     1   2  2  

Penalty Kill - 3 Players Forward 
   Forward                                           Time % Phy DF OF 
 1 Chris Mueller                                     60     1   2  2  
 2 Justin Dowling                                    40     1   2  2  

Penalty Kill - 3 Players Defense
   Defense                  Defense                  Time % Phy DF OF 
 1 Gabriel Beaupre          Scott Czarnowczan        60     1   2  2  
 2 John Ramage              Sena Acolatse            40     1   2  2  

4 vs 4 Forward 
   Center                   Wing                     Time % Phy DF OF 
 1 Justin Dowling           Darren Archibald         60     1   2  2  
 2 Chris Mueller            Zach O'Brien             40     1   2  2  

4 vs 4 Defense
   Defense                  Defense                  Time % Phy DF OF 
 1 Scooter Vaughan          Scott Czarnowczan        60     1   2  2  
 2 Gabriel Beaupre          Sena Acolatse            40     1   2  2  

Last Minutes Offensive
   Center                   Left Wing                Right Wing               Defense                  Defense                  
   Jordan Martinook         Chris Mueller            Justin Dowling           Scott Czarnowczan        Colin Miller             

Last Minutes Defensive
   Center                   Left Wing                Right Wing               Defense                  Defense                  
   Jordan Martinook         Chris Mueller            Justin Dowling           Scott Czarnowczan        Colin Miller             

Goaltenders
Starting : Anthony Stolarz          
Backup : Jason Missiaen           

Extra Forwards
Normal : Tom Kuhnhackl, Justin Dowling, Chris Mueller - PP : Jordan Martinook, Matthew Ford - PK : Justin Dowling
Extra Defensemen
Normal : Sena Acolatse, John Ramage, Scott Czarnowczan - PP : Scott Czarnowczan - PK : Gabriel Beaupre, Scott Czarnowczan
Penalty Shots
Tom Kuhnhackl, Justin Dowling, Chris Mueller, Jordan Martinook, Matthew Ford

% Time on Ice - Americans

Lines # - Real PCT - Wanted PCT - Time Play
Normal Forward
1 - 27% - 34% - 12:39
2 - 32% - 31% - 14:44
3 - 13% - 25% - 5:51
4 - 28% - 10% - 12:53
Normal Defense
1 - 26% - 35% - 11:53
2 - 19% - 32% - 8:48
3 - 55% - 25% - 25:26
4 - 0% - 8% - 0:00
PP Forward
1 - 54% - 55% - 3:13
2 - 46% - 45% - 2:44
PP Defense
1 - 43% - 55% - 2:33
2 - 57% - 45% - 3:24
PK Forward
1 - 92% - 60% - 7:16
2 - 8% - 40% - 0:40
PK Defense
1 - 50% - 55% - 3:57
2 - 50% - 45% - 3:59
PK3 Forward
1 - 0% - 60%
2 - 0% - 40%
PK3 Defense
1 - 0% - 55%
2 - 0% - 45%
44 Forward
1 - 65% - 55% - 3:15
2 - 35% - 45% - 1:45
44 Defense
1 - 16% - 55% - 0:49
2 - 84% - 45% - 4:11
Last Minute Offensive  - 0:00
Last Minute Defensive  - 0:00
Total
Forward - 65:00
Defense - 65:00

% Time on Ice - Devils

Lines # - Real PCT - Wanted PCT - Time Play
Normal Forward
1 - 25% - 35% - 11:43
2 - 28% - 30% - 12:52
3 - 28% - 22% - 12:49
4 - 19% - 13% - 8:43
Normal Defense
1 - 31% - 35% - 14:21
2 - 33% - 30% - 15:11
3 - 29% - 22% - 13:09
4 - 7% - 13% - 3:26
PP Forward
1 - 54% - 60% - 4:18
2 - 46% - 40% - 3:38
PP Defense
1 - 64% - 60% - 5:03
2 - 36% - 40% - 2:53
PK Forward
1 - 80% - 60% - 4:46
2 - 20% - 40% - 1:11
PK Defense
1 - 74% - 60% - 4:23
2 - 26% - 40% - 1:34
PK3 Forward
1 - 0% - 60%
2 - 0% - 40%
PK3 Defense
1 - 0% - 60%
2 - 0% - 40%
44 Forward
1 - 100% - 60% - 5:00
2 - 0% - 40% - 0:00
44 Defense
1 - 56% - 60% - 2:47
2 - 44% - 40% - 2:13
Last Minute Offensive  - 0:00
Last Minute Defensive  - 0:00
Total
Forward - 65:00
Defense - 65:00

Play by Play

1st period


0:01 of 1st period - Chris Mueller wins face-off versus Nick Cousins in neutral zone.
0:33 of 1st period - Slapshot by Jordan Martinook.
0:33 of 1st period - Stopped by Jason LaBarbera with a rebound.
0:53 of 1st period - Colin Miller is hit by Nick Drazenovic and loses puck.
1:34 of 1st period - Curtis Hamilton is hit by Nick Drazenovic and loses puck.
2:50 of 1st period - Slapshot by Patrick Bordeleau.
2:50 of 1st period - Shot Misses the Net.
2:52 of 1st period - Snap shot by Dany Heatley.
2:52 of 1st period - Shot Misses the Net.
2:54 of 1st period - Snap shot by Patrick Bordeleau.
2:54 of 1st period - Shot Misses the Net.
4:06 of 1st period - Slapshot by Zach O'Brien.
4:06 of 1st period - Shot Blocked by Peter Andersson.
6:00 of 1st period - Minor Penalty to Patrick Bordeleau for Hooking.
6:01 of 1st period - Chris Mueller wins face-off versus Marc-Andre Cliche in Americans zone.
6:09 of 1st period - Slapshot by Jordan Martinook.
6:09 of 1st period - Stopped by Jason LaBarbera with a rebound.
6:11 of 1st period - Slapshot by Colin Miller.
6:11 of 1st period - Shot Blocked by Nick Sorkin.
6:13 of 1st period - Slapshot by Colin Miller.
6:13 of 1st period - Shot Blocked by Chris Breen.
7:22 of 1st period - Grant Clitsome is hit by Tom Kuhnhackl and loses puck.
8:00 of 1st period - Penalty to Patrick Bordeleau is over, Patrick Bordeleau is back on ice.
8:25 of 1st period - Snap shot by Dany Heatley.
8:25 of 1st period - Deflect By Patrick Bordeleau.
8:25 of 1st period - Shot Misses the Net.
8:25 of 1st period - Puck is out of play.
8:26 of 1st period - Justin Dowling wins face-off versus Nick Cousins in Devils zone.
8:26 of 1st period - Justin Dowling is hit by Patrick Bordeleau.
8:34 of 1st period - Patrick Bordeleau is hit by Matthew Ford and loses puck.
9:17 of 1st period - Icing by Marc-Andre Cliche.
9:18 of 1st period - Sean Collins wins face-off versus Marc-Andre Cliche in Americans zone.
10:01 of 1st period - Chris Mueller is hit by Spencer Abbott and loses puck.
10:51 of 1st period - Wrist shot by Curtis Hamilton.
10:51 of 1st period - Deflect By Matthew Ford.
10:51 of 1st period - Shot Blocked by Daniel Maggio.
10:51 of 1st period - Daniel Maggio from Americans is injured at 10:51 of 1st period (Right Leg).
10:52 of 1st period - Chris Mueller wins face-off versus Marc-Andre Cliche in Americans zone.
11:07 of 1st period - Scooter Vaughan is hit by Nick Sorkin and loses puck.
11:49 of 1st period - Nick Cousins is hit by Shawn Szydlowski and loses puck.
12:02 of 1st period - Slapshot by Grant Clitsome.
12:02 of 1st period - Shot Misses the Net.
12:17 of 1st period - Minor Penalty to John Ramage for Hooking.
12:18 of 1st period - Chris Mueller wins face-off versus Nick Cousins in Devils zone.
12:20 of 1st period - Wrist shot by Nick Cousins.
12:20 of 1st period - Stopped by Anthony Stolarz with a rebound.
12:58 of 1st period - Jordan Martinook is hit by Dany Heatley and loses puck.
13:23 of 1st period - Gabriel Beaupre is hit by Nick Cousins and loses puck.
14:13 of 1st period - Snap shot by Patrick Bordeleau.
14:13 of 1st period - Shot Misses the Net.
14:17 of 1st period - Penalty to John Ramage is over, John Ramage is back on ice.
14:28 of 1st period - Nick Sorkin is hit by Darren Archibald and loses puck.
14:35 of 1st period - Slapshot by Colin Miller.
14:35 of 1st period - Deflect By Nick Cousins.
14:35 of 1st period - Stopped by Jason LaBarbera with a rebound.
14:49 of 1st period - Snap shot by Sean Collins.
14:49 of 1st period - Shot Blocked by Marc-Andre Cliche.
14:51 of 1st period - Wrist shot by Darren Archibald.
14:51 of 1st period - Stopped by Jason LaBarbera without a rebound.
14:52 of 1st period - Marc-Andre Cliche wins face-off versus Zach O'Brien in Americans zone.
15:13 of 1st period - Wrist shot by Yanni Gourde.
15:13 of 1st period - Shot Misses the Net.
15:26 of 1st period - Yanni Gourde is hit by Chris Breen and loses puck.
16:08 of 1st period - Jerome Samson is hit by Gabriel Beaupre.
16:14 of 1st period - Garrett Noonan is hit by Justin Dowling and loses puck.
16:37 of 1st period - Curtis Hamilton is hit by Garrett Noonan and loses puck.
16:44 of 1st period - Wrist shot by Spencer Abbott.
16:44 of 1st period - Shot Misses the Net.
18:32 of 1st period - Marc-Andre Cliche is hit by Curtis Hamilton and loses puck.
19:11 of 1st period - Slapshot by Garrett Noonan.
19:11 of 1st period - Deflect By Yanni Gourde.
19:11 of 1st period - Stopped by Anthony Stolarz with a rebound.
19:13 of 1st period - Wrist shot by Patrick Bordeleau.
19:13 of 1st period - Shot Misses the Net.
19:15 of 1st period - Slapshot by Chris Breen.
19:15 of 1st period - Shot Blocked by Zach O'Brien.
19:17 of 1st period - Slapshot by Garrett Noonan.
19:17 of 1st period - Deflect By Joel Vermin.
19:17 of 1st period - Stopped by Anthony Stolarz with a rebound.
19:29 of 1st period - Darren Archibald is hit by Chris Breen and loses puck.
19:36 of 1st period - Snap shot by John Ramage.
19:36 of 1st period - Deflect By Sean Collins.
19:36 of 1st period - Shot Blocked by Dylan DeMelo.
19:36 of 1st period - Puck is out of play.
19:37 of 1st period - Sean Collins wins face-off versus Justin Hodgman in Americans zone.
19:58 of 1st period - Slapshot by Sean Collins.
19:58 of 1st period - Stopped by Jason LaBarbera with a rebound.
Goals for this period are 0 for Americans vs 0 for Devils.
Shots for this period are 3 for Americans vs 5 for Devils.

2nd period


0:01 of 2nd period - Chris Mueller wins face-off versus Nick Cousins in neutral zone.
1:02 of 2nd period - Wrist shot by Nick Drazenovic.
1:02 of 2nd period - Stopped by Anthony Stolarz without a rebound.
1:03 of 2nd period - Justin Dowling wins face-off versus Marc-Andre Cliche in Devils zone.
1:11 of 2nd period - Curtis Hamilton beats up Chris Breen.
1:11 of 2nd period - Penalty to Curtis Hamilton for Fighting.
1:11 of 2nd period - Penalty to Chris Breen for Fighting.
1:12 of 2nd period - Chris Mueller wins face-off versus Spencer Abbott in Devils zone.
1:14 of 2nd period - Minor Penalty to Sena Acolatse for Hooking.
1:15 of 2nd period - Nick Cousins wins face-off versus Chris Mueller in Devils zone.
1:17 of 2nd period - Snap shot by Nick Cousins.
1:17 of 2nd period - Stopped by Anthony Stolarz with a rebound.
1:39 of 2nd period - Backhand shot by Patrick Bordeleau.
1:39 of 2nd period - Deflect By Nick Cousins.
1:39 of 2nd period - Stopped by Anthony Stolarz without a rebound.
1:40 of 2nd period - Marc-Andre Cliche wins face-off versus Chris Mueller in Devils zone.
2:17 of 2nd period - Snap shot by Spencer Abbott.
2:17 of 2nd period - Shot Misses the Net.
3:06 of 2nd period - Jordan Martinook is hit by Marc-Andre Cliche and loses puck.
3:14 of 2nd period - Penalty to Sena Acolatse is over, Sena Acolatse is back on ice.
4:02 of 2nd period - Minor Penalty to John Ramage for Tripping.
4:03 of 2nd period - Chris Mueller wins face-off versus Nick Cousins in Devils zone.
4:12 of 2nd period - Jordan Martinook is hit by Nick Sorkin and loses puck.
4:37 of 2nd period - Chris Mueller is hit by Dylan DeMelo and loses puck.
4:44 of 2nd period - Wrist shot by Dany Heatley.
4:44 of 2nd period - Shot Misses the Net.
4:58 of 2nd period - Zach O'Brien is hit by Patrick Bordeleau and loses puck.
5:11 of 2nd period - Peter Andersson is hit by Justin Dowling and loses puck.
6:02 of 2nd period - Penalty to John Ramage is over, John Ramage is back on ice.
6:12 of 2nd period - Sena Acolatse is hit by Dylan DeMelo and loses puck.
6:19 of 2nd period - Wrist shot by Jerome Samson.
6:19 of 2nd period - Stopped by Anthony Stolarz without a rebound.
6:20 of 2nd period - Kevin Sundher wins face-off versus Shawn Szydlowski in Devils zone.
6:21 of 2nd period - Wrist shot by Dany Heatley.
6:21 of 2nd period - Shot Misses the Net.
6:23 of 2nd period - Slapshot by Garrett Noonan.
6:23 of 2nd period - Shot Blocked by Sena Acolatse.
6:27 of 2nd period - Slapshot by Dany Heatley.
6:27 of 2nd period - Stopped by Anthony Stolarz without a rebound.
6:28 of 2nd period - Zach O'Brien wins face-off versus Marc-Andre Cliche in Devils zone.
6:41 of 2nd period - Shawn Szydlowski is hit by Chris Breen and loses puck.
7:07 of 2nd period - Snap shot by Justin Dowling.
7:07 of 2nd period - Shot Blocked by Dylan DeMelo.
7:09 of 2nd period - Wrist shot by Justin Dowling.
7:09 of 2nd period - Shot Misses the Net.
7:11 of 2nd period - Wrist shot by Curtis Hamilton.
7:11 of 2nd period - Stopped by Jason LaBarbera with a rebound.
7:13 of 2nd period - Slapshot by Colin Miller.
7:13 of 2nd period - Deflect By Dylan DeMelo.
7:13 of 2nd period - Stopped by Jason LaBarbera without a rebound.
7:14 of 2nd period - Marc-Andre Cliche wins face-off versus Justin Dowling in Americans zone.
7:38 of 2nd period - Marc-Andre Cliche is hit by Justin Dowling and loses puck.
8:20 of 2nd period - Icing by Chris Breen.
8:21 of 2nd period - Zach O'Brien wins face-off versus Jerome Samson in Americans zone.
8:38 of 2nd period - Wrist shot by Yanni Gourde.
8:38 of 2nd period - Shot Hit the Post.
8:42 of 2nd period - Wrist shot by Shawn Szydlowski.
8:42 of 2nd period - Stopped by Jason LaBarbera with a rebound.
9:15 of 2nd period - Nick Cousins is hit by Colin Miller and loses puck.
9:28 of 2nd period - Spencer Abbott is hit by Chris Mueller and loses puck.
9:59 of 2nd period - Wrist shot by Sena Acolatse.
9:59 of 2nd period - Stopped by Jason LaBarbera without a rebound.
10:00 of 2nd period - Sean Collins wins face-off versus Nick Drazenovic in Americans zone.
10:35 of 2nd period - Dylan DeMelo is hit by Shawn Szydlowski and loses puck.
10:53 of 2nd period - Icing by Sena Acolatse.
10:54 of 2nd period - Justin Dowling wins face-off versus Nick Cousins in Devils zone.
11:12 of 2nd period - Minor Penalty to Patrick Bordeleau for Hooking.
11:13 of 2nd period - Sean Collins wins face-off versus Marc-Andre Cliche in Americans zone.
11:15 of 2nd period - Wrist shot by Sean Collins.
11:15 of 2nd period - Stopped by Jason LaBarbera with a rebound.
11:59 of 2nd period - Nick Sorkin is hit by Zach O'Brien and loses puck.
12:42 of 2nd period - Wrist shot by Nick Drazenovic.
12:42 of 2nd period - Shot Blocked by Gabriel Beaupre.
13:01 of 2nd period - Icing by Sean Collins.
13:02 of 2nd period - Sean Collins wins face-off versus Nick Drazenovic in Devils zone.
13:12 of 2nd period - Penalty to Patrick Bordeleau is over, Patrick Bordeleau is back on ice.
13:48 of 2nd period - Icing by John Ramage.
13:49 of 2nd period - Justin Dowling wins face-off versus Nick Drazenovic in Devils zone.
14:01 of 2nd period - Slapshot by Chris Breen.
14:01 of 2nd period - Stopped by Anthony Stolarz with a rebound.
14:05 of 2nd period - Snap shot by Spencer Abbott.
14:05 of 2nd period - Shot Misses the Net.
14:07 of 2nd period - Snap shot by Nick Drazenovic.
14:07 of 2nd period - Stopped by Anthony Stolarz with a rebound.
15:01 of 2nd period - Colin Miller is hit by Garrett Noonan and loses puck.
16:36 of 2nd period - Nick Cousins is hit by Darren Archibald and loses puck.
17:01 of 2nd period - Wrist shot by Spencer Abbott.
17:01 of 2nd period - Shot Blocked by Sean Collins.
17:03 of 2nd period - Wrist shot by Spencer Abbott.
17:03 of 2nd period - Shot Misses the Net.
17:05 of 2nd period - Slapshot by Garrett Noonan.
17:05 of 2nd period - Shot Misses the Net.
17:25 of 2nd period - Patrick Bordeleau is hit by Colin Miller and loses puck.
18:42 of 2nd period - Zach O'Brien is hit by Spencer Abbott.
18:48 of 2nd period - Zach O'Brien is hit by Spencer Abbott and loses puck.
19:02 of 2nd period - Icing by Dylan DeMelo.
19:03 of 2nd period - Justin Dowling wins face-off versus Nick Sorkin in Americans zone.
19:18 of 2nd period - Slapshot by Matthew Ford.
19:18 of 2nd period - Shot Blocked by Spencer Abbott.
19:32 of 2nd period - Peter Andersson is hit by Sean Collins and loses puck.
19:37 of 2nd period - Snap shot by Sean Collins.
19:37 of 2nd period - Stopped by Jason LaBarbera without a rebound.
19:38 of 2nd period - Sean Collins wins face-off versus Nick Cousins in Americans zone.
19:43 of 2nd period - Snap shot by Sean Collins.
19:43 of 2nd period - Shot Misses the Net.
19:59 of 2nd period - Wrist shot by Chris Mueller.
19:59 of 2nd period - Shot Blocked by Grant Clitsome.
Goals for this period are 0 for Americans vs 0 for Devils.
Shots for this period are 7 for Americans vs 6 for Devils.

3rd period


0:01 of 3rd period - Chris Mueller wins face-off versus Marc-Andre Cliche in neutral zone.
0:12 of 3rd period - Snap shot by Jordan Martinook.
0:12 of 3rd period - Stopped by Jason LaBarbera with a rebound.
0:14 of 3rd period - Minor Penalty to Peter Andersson for Interference.
0:15 of 3rd period - Marc-Andre Cliche wins face-off versus Chris Mueller in Americans zone.
0:15 of 3rd period - Marc-Andre Cliche is hit by Jordan Martinook.
0:28 of 3rd period - Backhand shot by Colin Miller.
0:28 of 3rd period - Shot Blocked by Marc-Andre Cliche.
0:41 of 3rd period - Off-side.
0:42 of 3rd period - Sean Collins wins face-off versus Dany Heatley in neutral zone.
0:49 of 3rd period - Dany Heatley is hit by Tom Kuhnhackl and loses puck.
1:10 of 3rd period - Wrist shot by Yanni Gourde.
1:10 of 3rd period - Shot Misses the Net.
1:49 of 3rd period - Snap shot by Dany Heatley.
1:49 of 3rd period - Stopped by Anthony Stolarz without a rebound.
1:50 of 3rd period - Marc-Andre Cliche wins face-off versus Jordan Martinook in Devils zone.
2:11 of 3rd period - Grant Clitsome is hit by Chris Mueller and loses puck.
2:14 of 3rd period - Penalty to Peter Andersson is over, Peter Andersson is back on ice.
2:30 of 3rd period - Slapshot by Nick Cousins.
2:30 of 3rd period - Shot Misses the Net.
2:32 of 3rd period - Slapshot by Grant Clitsome.
2:32 of 3rd period - Shot Misses the Net.
2:34 of 3rd period - Snap shot by Nick Cousins.
2:34 of 3rd period - Shot Blocked by Colin Miller.
2:38 of 3rd period - Snap shot by Nick Cousins.
2:38 of 3rd period - Stopped by Anthony Stolarz with a rebound.
2:48 of 3rd period - Nick Sorkin is hit by Curtis Hamilton and loses puck.
3:08 of 3rd period - Icing by John Ramage.
3:09 of 3rd period - Marc-Andre Cliche wins face-off versus Sean Collins in Devils zone.
3:49 of 3rd period - Dylan DeMelo is hit by Gabriel Beaupre and loses puck.
4:28 of 3rd period - Nick Sorkin is hit by Tom Kuhnhackl and loses puck.
4:39 of 3rd period - Chris Mueller is hit by Nick Sorkin and loses puck.
4:52 of 3rd period - Slapshot by Colin Miller.
4:52 of 3rd period - Shot Misses the Net.
5:14 of 3rd period - Chris Breen is hit by Colin Miller and loses puck.
5:33 of 3rd period - Snap shot by Justin Dowling.
5:33 of 3rd period - Stopped by Jason LaBarbera with a rebound.
5:35 of 3rd period - Snap shot by Justin Dowling.
5:35 of 3rd period - Deflect By Curtis Hamilton.
5:35 of 3rd period - Stopped by Jason LaBarbera with a rebound.
5:37 of 3rd period - Backhand shot by Justin Dowling.
5:37 of 3rd period - Stopped by Jason LaBarbera with a rebound.
5:59 of 3rd period - Snap shot by Matthew Ford.
5:59 of 3rd period - Stopped by Jason LaBarbera with a rebound.
6:21 of 3rd period - Jerome Samson is hit by Zach O'Brien and loses puck.
6:26 of 3rd period - Snap shot by Yanni Gourde.
6:26 of 3rd period - Shot Blocked by Peter Andersson.
6:28 of 3rd period - Snap shot by Gabriel Beaupre.
6:28 of 3rd period - Shot Blocked by Nick Cousins.
6:42 of 3rd period - Scooter Vaughan is hit by Peter Andersson and loses puck.
8:05 of 3rd period - Wrist shot by Dany Heatley.
8:05 of 3rd period - Stopped by Anthony Stolarz with a rebound.
8:35 of 3rd period - Snap shot by Dany Heatley.
8:35 of 3rd period - Stopped by Anthony Stolarz without a rebound.
8:36 of 3rd period - Nick Drazenovic wins face-off versus Sean Collins in Devils zone.
9:47 of 3rd period - Jordan Martinook is hit by Dany Heatley and loses puck.
11:01 of 3rd period - Yanni Gourde is hit by Chris Breen and loses puck.
11:31 of 3rd period - Chris Breen is hit by Matthew Ford and loses puck.
12:28 of 3rd period - Kevin Sundher is hit by Matthew Ford and loses puck.
12:41 of 3rd period - Slapshot by Yanni Gourde.
12:41 of 3rd period - Stopped by Jason LaBarbera with a rebound.
12:43 of 3rd period - Slapshot by Sena Acolatse.
12:43 of 3rd period - Shot Blocked by Garrett Noonan.
12:45 of 3rd period - Snap shot by Yanni Gourde.
12:45 of 3rd period - Shot Blocked by Garrett Noonan.
13:16 of 3rd period - Nick Cousins is hit by Gabriel Beaupre and loses puck.
14:33 of 3rd period - Snap shot by Colin Miller.
14:33 of 3rd period - Stopped by Jason LaBarbera with a rebound.
14:57 of 3rd period - Wrist shot by Jordan Martinook.
14:57 of 3rd period - Shot Blocked by Peter Andersson.
15:11 of 3rd period - Slapshot by Justin Dowling.
15:11 of 3rd period - Stopped by Jason LaBarbera without a rebound.
15:12 of 3rd period - Justin Dowling wins face-off versus Nick Cousins in Americans zone.
15:25 of 3rd period - Minor Penalty to Patrick Bordeleau for Holding Stick.
15:26 of 3rd period - Zach O'Brien wins face-off versus Marc-Andre Cliche in Americans zone.
15:58 of 3rd period - Off-side.
15:59 of 3rd period - Marc-Andre Cliche wins face-off versus Sean Collins in neutral zone.
16:22 of 3rd period - Nick Drazenovic is hit by Gabriel Beaupre and loses puck.
17:04 of 3rd period - Snap shot by Sean Collins.
17:04 of 3rd period - Shot Misses the Net.
17:06 of 3rd period - Snap shot by Sean Collins.
17:06 of 3rd period - Shot Misses the Net.
17:10 of 3rd period - Slapshot by Yanni Gourde.
17:10 of 3rd period - Stopped by Jason LaBarbera without a rebound.
17:11 of 3rd period - Marc-Andre Cliche wins face-off versus Sean Collins in Americans zone.
17:25 of 3rd period - Penalty to Patrick Bordeleau is over, Patrick Bordeleau is back on ice.
17:39 of 3rd period - Snap shot by Nick Cousins.
17:39 of 3rd period - Stopped by Anthony Stolarz with a rebound.
17:41 of 3rd period - Slapshot by Jerome Samson.
17:41 of 3rd period - Stopped by Anthony Stolarz with a rebound.
17:43 of 3rd period - Wrist shot by Kevin Sundher.
17:43 of 3rd period - Stopped by Anthony Stolarz without a rebound.
17:44 of 3rd period - Kevin Sundher wins face-off versus Justin Dowling in Devils zone.
17:51 of 3rd period - Curtis Hamilton is hit by Jerome Samson and loses puck.
18:22 of 3rd period - Patrick Bordeleau is hit by Matthew Ford and loses puck.
18:45 of 3rd period - Wrist shot by Colin Miller.
18:45 of 3rd period - Shot Blocked by Marc-Andre Cliche.
18:47 of 3rd period - Snap shot by Darren Archibald.
18:47 of 3rd period - Shot Misses the Net.
19:08 of 3rd period - Snap shot by Yanni Gourde.
19:08 of 3rd period - Shot Misses the Net.
19:10 of 3rd period - Slapshot by Scott Czarnowczan.
19:10 of 3rd period - Stopped by Jason LaBarbera with a rebound.
19:56 of 3rd period - Kevin Sundher is hit by Sena Acolatse and loses puck.
Goals for this period are 0 for Americans vs 0 for Devils.
Shots for this period are 7 for Americans vs 10 for Devils.

Overtime #1


0:01 of 1st overtime period - Justin Dowling wins face-off versus Marc-Andre Cliche in neutral zone.
0:08 of 1st overtime period - Slapshot by Darren Archibald.
0:08 of 1st overtime period - Shot Misses the Net.
0:57 of 1st overtime period - Snap shot by Marc-Andre Cliche.
0:57 of 1st overtime period - Stopped by Anthony Stolarz with a rebound.
1:15 of 1st overtime period - Gabriel Beaupre is hit by Dylan DeMelo.
1:37 of 1st overtime period - Sena Acolatse is hit by Patrick Bordeleau and loses puck.
2:12 of 1st overtime period - Wrist shot by Dany Heatley.
2:12 of 1st overtime period - Stopped by Anthony Stolarz without a rebound.
2:13 of 1st overtime period - Justin Dowling wins face-off versus Marc-Andre Cliche in Devils zone.
2:36 of 1st overtime period - Snap shot by Patrick Bordeleau.
2:36 of 1st overtime period - Deflect By Justin Dowling.
2:36 of 1st overtime period - Stopped by Anthony Stolarz with a rebound.
3:55 of 1st overtime period - Wrist shot by Dany Heatley.
3:55 of 1st overtime period - Shot Misses the Net.
4:40 of 1st overtime period - Garrett Noonan is hit by Scooter Vaughan and loses puck.
4:53 of 1st overtime period - Gabriel Beaupre is hit by Grant Clitsome and loses puck.
Goals for this period are 0 for Americans vs 0 for Devils.
Shots for this period are 3 for Americans vs 0 for Devils.

ShootOut


5:00 of 1st overtime period - Penalty Shot by Nick Cousins for Americans.
5:00 of 1st overtime period - Backhand shot by Nick Cousins.
5:00 of 1st overtime period - Stopped by Anthony Stolarz.
5:00 of 1st overtime period - Penalty Shot by Tom Kuhnhackl for Devils.
5:00 of 1st overtime period - Deke by Tom Kuhnhackl.
5:00 of 1st overtime period - Stopped by Jason LaBarbera.
5:00 of 1st overtime period - Penalty Shot by Dany Heatley for Americans.
5:00 of 1st overtime period - Deke by Dany Heatley.
5:00 of 1st overtime period - Stopped by Anthony Stolarz.
5:00 of 1st overtime period - Penalty Shot by Justin Dowling for Devils.
5:00 of 1st overtime period - Snap shot by Justin Dowling.
5:00 of 1st overtime period - Goal by Justin Dowling.
5:00 of 1st overtime period - Penalty Shot by Spencer Abbott for Americans.
5:00 of 1st overtime period - Wrist shot by Spencer Abbott.
5:00 of 1st overtime period - Stopped by Anthony Stolarz.